AoeStats
← Castriniti

Oasis

509547616Analyzed
2v2 RM · 6d ago on Sep 27, 2026· 54m 16s· 4 players
Game mode
Random Map
Map size
Medium (4 player)
Population
200
Speed
Normal
Resources
Standard
Victory
Conquest
Starting age
Dark Age
Ending age
Imperial Age
RankedLock teamsTeams togetherTeam positionsShared explorationLock speedFull tech treeHidden civsTurbo modeCheats
Victory
Defeat
🇧🇷 Bohemians · Brazil
717
+34
🇧🇷 Romans · Brazil
714
+34
🇨🇴 Persians · Colombia
730
-16
🇨🇴 Britons · Colombia
621
-12
esteb420
10:59 Feudal Age
16:59 Wheelbarrow
19:32 Castle Age
20:09 Padded Archer Armor
20:00 Fletching
20:11 Double-Bit Axe
21:03 Hand Cart
22:20 Crossbowman
33:28 Elite Skirmisher
35:16 Murder Holes
35:42 Ballistics
41:07 Bow Saw
40:39 Horse Collar
45:48 Imperial Age
44:17 Bodkin Arrow
44:38 Leather Archer Armor
46:19 Yeomen
46:28 Pikeman
49:29 Halberdier
50:11 Squires
50:51 Forging
50:42 Scale Mail Armor
54:13 Iron Casting
53:54 Chain Mail Armor
53:05 Onager
Castriniti
16:23 Feudal Age
18:15 Double-Bit Axe
20:05 Wheelbarrow
19:48 Horse Collar
20:02 Gold Mining
22:37 Man-at-Arms
27:00 Castle Age
28:30 Crossbowman
28:53 Long Swordsman
29:54 Gambesons
41:27 Bow Saw
43:58 Elite Skirmisher
45:25 Thumb Ring
46:40 Hand Cart
50:58 Kamandaran
52:16 Husbandry
@gSø
12:55 Feudal Age
14:11 Wheelbarrow
14:11 Town Watch
14:41 Horse Collar
14:50 Double-Bit Axe
17:12 Man-at-Arms
17:53 Arson
19:46 Loom
28:56 Castle Age
29:02 Pikeman
29:44 Squires
29:08 Light Cavalry
29:58 Caravan
30:21 Hand Cart
30:13 Town Patrol
33:17 Heavy Plow
33:30 Bow Saw
39:10 Coinage
39:22 Wagenburg Tactics
40:26 Husbandry
43:20 Imperial Age
43:45 Forging
43:38 Scale Mail Armor
43:46 Scale Barding Armor
44:20 Halberdier
44:24 Cavalier
45:27 Elite Hussite Wagon
45:40 Sappers
53:29 Banking
53:19 Guilds
53:46 Onager
Baiano_JR
0:47 Loom
1:14 Loom
2:37 Loom
13:13 Feudal Age
17:55 Wheelbarrow
18:06 Man-at-Arms
21:44 Double-Bit Axe
22:42 Scale Mail Armor
23:29 Forging
29:03 Castle Age
27:17 Fletching
27:28 Padded Archer Armor
29:21 Pikeman
30:02 Squires
29:22 Long Swordsman
30:20 Hand Cart
30:14 Caravan
30:32 Bow Saw
30:59 Town Watch
32:01 Town Patrol
33:11 Chain Mail Armor
37:55 Iron Casting
38:37 Horse Collar
41:03 Scale Barding Armor
41:14 Leather Archer Armor
40:54 Bodkin Arrow
41:07 Herbal Medicine
41:13 Devotion
45:26 Imperial Age
43:27 Ballistas
42:57 Crossbowman
44:32 Fortified Wall
43:56 Light Cavalry
44:47 Bloodlines
45:37 Legionary
47:38 Blast Furnace
47:12 Sappers
48:03 Conscription
47:40 Capped Ram
48:35 Husbandry
49:13 Ring Archer Armor
50:29 Gold Mining
50:29 Stone Mining
51:15 Coinage
50:57 Guilds
50:49 Elite Skirmisher
50:50 Heavy Cavalry Archer
51:48 Block Printing
52:04 Elite Centurion
53:02 Cavalier
Connection lost

Rejoining the realm…

Still unreachable

The connection could not be restored.

Session expired

The server has moved on; the page needs a fresh start.